[Event "January 9 Early 2024"]
[Site "https://www.chess.com"]
[Date "2024.01.11"]
[Round "7"]
[White "Ezat, Mohamed"]
[Black "Sasvatha A"]
[Result "1/2-1/2"]
[Board "139"]
[TimeControl "180+1"]
[WhiteFideId "10600906"]
[BlackFideId "45010862"]
[WhiteElo "2459"]
[BlackElo "2173"]
[WhiteTeam "EGY"]
[BlackTeam "IND"]
[WhiteClock "0:00:15"]
[BlackClock "0:01:22"]

1. e4 c6 2. e5 d5 3. exd6 exd6 4. d4 d5 5. Bd3 Nf6 6. h3 Bd6 7. Nf3 O-O 8. O-O Re8 9. Re1 Be6 10. Nbd2 Nbd7 11. Nf1 Qc7 12. Bg5 h6 13. Be3 Nh5 14. Qd2 Nf4 15. Rad1 Nxd3 16. Qxd3 Nf6 17. Ne5 Bxe5 18. dxe5 Qxe5 19. Bxh6 Qf5 20. Qg3 Nh5 21. Qg5 f6 22. Qxf5 Bxf5 23. Ne3 Bxc2 24. Nxc2 gxh6 25. Nd4 Re5 26. Nf3 Ree8 27. Nh4 Ng7 28. f4 Kf7 29. Kf2 Rxe1 30. Rxe1 Re8 31. Rc1 Re4 32. g3 Rd4 33. Rc2 Ra4 34. a3 Re4 35. Rc3 a6 36. Rb3 b5 37. Rc3 Rc4 38. Rxc4 bxc4 39. Ke3 c5 40. g4 h5 41. f5 hxg4 42. hxg4 Ne8 43. Ng2 Nd6 44. Nf4 d4+ 45. Kf3 Nb5 46. Ne6 c3 47. bxc3 dxc3 48. Ke3 c2 49. Kd2 Nxa3 50. Nxc5 a5 51. Nb3 a4 52. Nc5 Kg7 53. Nxa4 Kh6 54. Nc5 Kg5 55. Ne4+ Kxg4 56. Nxf6+ Kxf5 57. Nd5 Ke4 58. Nb4 Kd4 59. Nxc2+ 1/2-1/2

[Event "January 9 Early 2024"]
[Site "https://www.chess.com"]
[Date "2024.01.11"]
[Round "7"]
[White "Krzyzanowski, Marcin"]
[Black "Kantans, Toms"]
[Result "0-1"]
[Board "140"]
[TimeControl "180+1"]
[WhiteFideId "1132199"]
[BlackFideId "11602945"]
[WhiteElo "2777"]
[BlackElo "2651"]
[WhiteTeam "POL"]
[BlackTeam "LAT"]
[WhiteClock "0:00:01"]
[BlackClock "0:00:14"]

1. e4 c5 2. Nf3 Nf6 3. e5 Nd5 4. Nc3 e6 5. Nxd5 exd5 6. d4 Nc6 7. c3 d6 8. exd6 Bxd6 9. Bb5 O-O 10. O-O h6 11. dxc5 Bxc5 12. Bf4 Be6 13. h3 Qf6 14. Bg3 Rfd8 15. Bxc6 bxc6 16. Re1 Bb6 17. a4 a5 18. Nd4 Bd7 19. Qd3 c5 20. Nb5 Bf5 21. Qf3 d4 22. cxd4 cxd4 23. Bc7 Bxc7 24. Nxc7 Ra7 25. Nd5 Qg5 26. h4 Bg4 27. hxg5 Bxf3 28. Nb6 Bg4 29. gxh6 gxh6 30. f3 Be6 31. Re5 Rd6 32. Rb5 d3 33. Rd1 Rc7 0-1

[Event "January 9 Early 2024"]
[Site "https://www.chess.com"]
[Date "2024.01.11"]
[Round "7"]
[White "Mesquita, Eduardo Barbosa"]
[Black "Golubev, Mikhail"]
[Result "0-1"]
[Board "141"]
[TimeControl "180+1"]
[WhiteFideId "22757163"]
[BlackFideId "14100983"]
[WhiteElo "2437"]
[BlackElo "2624"]
[WhiteTeam "BRA"]
[BlackTeam "UKR"]
[WhiteClock "0:00:01"]
[BlackClock "0:00:09"]

1. e4 c5 2. Nf3 Nc6 3. d4 cxd4 4. c3 dxc3 5. Nxc3 d6 6. Bc4 a6 7. O-O Nf6 8. Re1 Bg4 9. h3 Bxf3 10. Qxf3 g6 11. Bf4 Bg7 12. Rad1 Qc7 13. Nd5 Nxd5 14. exd5 Ne5 15. Bxe5 Bxe5 16. Rxe5 dxe5 17. d6 exd6 18. Qf6 O-O 19. Bd5 Rac8 20. Rd3 Qc1+ 21. Kh2 Rc2 22. Rf3 Rc7 23. Qxd6 Qc5 24. Qxe5 Qe7 25. Qf4 Rd8 26. Rd3 Kg7 27. g3 Rcd7 28. Qf3 Qf6 29. Bc4 Rxd3 30. Bxd3 Qxf3 0-1

[Event "January 9 Early 2024"]
[Site "https://www.chess.com"]
[Date "2024.01.11"]
[Round "7"]
[White "Piscicelli, Daniel Orlando"]
[Black "Mirza, Diana"]
[Result "0-1"]
[Board "142"]
[TimeControl "180+1"]
[WhiteFideId "101958"]
[BlackFideId "2503999"]
[WhiteElo "2207"]
[BlackElo "2012"]
[WhiteTeam "ARG"]
[BlackTeam "IRL"]
[WhiteClock "0:00:02"]
[BlackClock "0:00:07"]

1. e4 c5 2. Nc3 Nc6 3. Bb5 e6 4. Nf3 Nf6 5. O-O Be7 6. Bxc6 dxc6 7. d3 O-O 8. Be3 Qc7 9. Nd2 e5 10. Kh1 Ng4 11. Qf3 Nxe3 12. fxe3 f5 13. Qg3 f4 14. exf4 exf4 15. Qe1 Be6 16. Nf3 g5 17. d4 g4 18. Ne5 cxd4 19. Nxg4 dxc3 20. Nf2 cxb2 21. Rb1 Bf6 22. Nd3 Bxa2 23. Rxb2 Bxb2 24. Nxb2 Qe5 25. Nd3 Qg5 26. Qf2 Rae8 27. Qd4 Be6 28. Rf2 f3 0-1

[Event "January 9 Early 2024"]
[Site "https://www.chess.com"]
[Date "2024.01.11"]
[Round "7"]
[White "Reprintsev, Alexander"]
[Black "Kostiukov, Alexandr"]
[Result "1-0"]
[Board "143"]
[TimeControl "180+1"]
[WhiteFideId "14100541"]
[BlackFideId "14108100"]
[WhiteElo "2453"]
[BlackElo "2296"]
[WhiteTeam "UKR"]
[BlackTeam "UKR"]
[WhiteClock "0:00:37"]
[BlackClock "0:00:02"]

1. e4 c5 2. b3 g6 3. Bb2 Nf6 4. e5 Nd5 5. Nc3 Nxc3 6. Bxc3 Bg7 7. h4 h5 8. Nf3 Nc6 9. Bb5 O-O 10. Qe2 d5 11. exd6 Qxd6 12. Bxg7 Kxg7 13. Bxc6 Qxc6 14. Qe5+ Qf6 15. Qxf6+ exf6 16. O-O Bf5 17. d3 b5 18. Rfe1 Rfd8 19. Rad1 Kf8 20. Nd2 Rd7 21. Ne4 Bxe4 22. Rxe4 Rc8 23. Kf1 Rcc7 24. Ke2 Rd4 25. f3 f5 26. Rxd4 cxd4 27. Kd2 b4 28. a3 a5 29. axb4 axb4 30. Ra1 Rb7 31. Ra6 Ke7 32. Rc6 Kd7 33. Rc4 Ke6 34. Rxd4 Ke5 35. Rc4 f6 36. f4+ Kd5 37. g3 Kd6 38. d4 Kd5 39. Kd3 Kd6 40. Rc8 Ke6 41. Kc4 Kd6 42. d5 1-0

[Event "January 9 Early 2024"]
[Site "https://www.chess.com"]
[Date "2024.01.11"]
[Round "7"]
[White "Livaic, Leon"]
[Black "Sturt, Raven"]
[Result "0-1"]
[Board "144"]
[TimeControl "180+1"]
[WhiteFideId "14531534"]
[BlackFideId "2007304"]
[WhiteElo "2911"]
[BlackElo "2771"]
[WhiteTeam "CRO"]
[BlackTeam "USA"]
[WhiteClock "0:00:07"]
[BlackClock "0:00:45"]

1. d4 f5 2. Nc3 Nf6 3. Bg5 d5 4. Bxf6 exf6 5. e3 Be6 6. Bd3 Qd7 7. Nge2 Bd6 8. h4 Nc6 9. a3 Ne7 10. Nb5 Nc8 11. h5 c6 12. Nxd6+ Nxd6 13. b3 O-O-O 14. Qc1 g5 15. c4 f4 16. c5 Bf5 17. Qc2 Bxd3 18. Qxd3 Nf5 19. exf4 g4 20. O-O-O Rhe8 21. Nc3 Re7 22. Rhe1 Rde8 23. Rxe7 Rxe7 24. g3 h6 25. b4 a6 26. a4 Qe6 27. b5 axb5 28. axb5 Kd7 29. Rd2 Ke8 30. Re2 Qd7 31. Rxe7+ Nxe7 32. bxc6 bxc6 33. Qh7 Qf5 34. Qxf5 Nxf5 35. Ne2 Ng7 36. Kd2 Nxh5 37. Nc1 Ng7 38. Kd3 Kd7 39. Nb3 h5 40. Nd2 Ne6 41. Ke3 Ng7 42. Kd3 Ke7 43. Nb3 Nf5 44. Na5 Kd7 45. Nb7 h4 46. gxh4 Nxh4 47. Nd6 Ke6 0-1

[Event "January 9 Early 2024"]
[Site "https://www.chess.com"]
[Date "2024.01.11"]
[Round "7"]
[White "Plyasunov, Daniil"]
[Black "Srdanovic, Jovana"]
[Result "1-0"]
[Board "145"]
[TimeControl "180+1"]
[WhiteFideId "44133839"]
[BlackFideId "954810"]
[WhiteElo "2747"]
[BlackElo "2561"]
[WhiteTeam "RUS"]
[BlackTeam "SRB"]
[WhiteClock "0:01:04"]
[BlackClock "0:00:13"]

1. e4 c5 2. Nc3 Nc6 3. Bb5 g6 4. Bxc6 dxc6 5. f4 Bg7 6. d3 Nf6 7. Nf3 O-O 8. O-O b6 9. h3 a5 10. Be3 a4 11. a3 Nd7 12. Qe1 Ba6 13. Rd1 b5 14. Qf2 c4 15. dxc4 bxc4 16. e5 Qc8 17. Nxa4 c3 18. Rfe1 cxb2 19. Nxb2 Bb5 20. c4 Ba4 21. Rd3 c5 22. Nxa4 Rxa4 23. Red1 Nb6 24. Bxc5 Nxc4 25. Bxe7 Qf5 26. Bxf8 Bxf8 27. Rd8 Qxf4 28. Qc5 Qe3+ 29. Qxe3 Nxe3 30. R1d3 Nc4 31. R3d4 Kg7 32. Rc8 Nb6 33. Rxa4 Nxa4 34. Ra8 Nb6 35. Ra6 Nc4 36. a4 h5 37. Rc6 Na5 38. Rc8 Be7 39. Kf1 g5 40. g4 hxg4 41. hxg4 f6 42. exf6+ Kxf6 43. Ke2 Ke6 44. Ra8 Nc6 45. a5 Kd5 46. a6 Bc5 47. Rg8 Kd6 48. Rxg5 Ba7 49. Rg7 Kc5 50. g5 Kb6 51. g6 Kxa6 52. Rf7 1-0

[Event "January 9 Early 2024"]
[Site "https://www.chess.com"]
[Date "2024.01.11"]
[Round "7"]
[White "Petrukhina, Olga"]
[Black "Tiarks, Jann-Christian"]
[Result "0-1"]
[Board "146"]
[TimeControl "180+1"]
[WhiteFideId "13703935"]
[BlackFideId "12951595"]
[WhiteElo "2289"]
[BlackElo "2450"]
[WhiteTeam "KAZ"]
[BlackTeam "GER"]
[WhiteClock "0:00:01"]
[BlackClock "0:01:02"]

1. d4 d5 2. c4 c6 3. Nf3 e6 4. Nc3 dxc4 5. g3 b5 6. Bg2 Bb7 7. e4 Nf6 8. e5 Nd5 9. O-O Nxc3 10. bxc3 Be7 11. h4 h6 12. Nd2 O-O 13. Qg4 Kh8 14. Ne4 Nd7 15. Qh5 f5 16. exf6 Nxf6 17. Nxf6 Rxf6 18. Bf4 Qe8 19. Qe2 Qg6 20. h5 Qf7 21. Rae1 Rf8 22. Be4 Rxf4 23. gxf4 Qxf4 24. f3 Bh4 25. Rd1 Qg5+ 26. Qg2 Qxh5 27. Qg6 Qxg6+ 28. Bxg6 Bg3 29. Kg2 Bf4 30. Rfe1 Rf6 31. Be4 g5 32. Rh1 Kg7 33. Rh3 Rf8 34. Rdh1 Rf6 35. Re1 Bd2 36. Rd1 Bxc3 37. Bc2 Bb4 38. Rhh1 c5 39. Rhf1 Rf7 40. Be4 cxd4 41. Rxd4 Bc5 42. Rd2 Bxe4 43. fxe4 Rxf1 44. Kxf1 b4 45. Rc2 c3 46. Ke2 g4 47. Kd3 h5 48. Kc4 Be7 49. a3 bxa3 50. Kxc3 h4 51. Kd3 h3 52. Ke3 g3 53. Kf3 Bd6 54. e5 Bxe5 0-1

[Event "January 9 Early 2024"]
[Site "https://www.chess.com"]
[Date "2024.01.11"]
[Round "7"]
[White "Barbot, Pierre"]
[Black "Chernyavsky, Alexander"]
[Result "1-0"]
[Board "147"]
[TimeControl "180+1"]
[WhiteFideId "663727"]
[BlackFideId "24131156"]
[WhiteElo "2310"]
[BlackElo "2417"]
[WhiteTeam "FRA"]
[BlackTeam "RUS"]
[WhiteClock "0:00:18"]
[BlackClock "0:00:02"]

1. d4 Nf6 2. Nf3 g6 3. Bf4 Bg7 4. e3 O-O 5. Be2 d6 6. h3 Nbd7 7. O-O b6 8. Bh2 Bb7 9. c3 Re8 10. a4 a5 11. Na3 e5 12. dxe5 dxe5 13. Nb5 Ne4 14. Bc4 Nec5 15. b4 axb4 16. cxb4 Bxf3 17. Qxf3 Ne6 18. Qc6 Qc8 19. Rfd1 Ndf8 20. Bd5 Ra6 21. Qb7 c5 22. Qxc8 Rxc8 23. Bb7 Rca8 24. Bxa6 Rxa6 25. bxc5 Nxc5 26. Rd6 Rxa4 27. Rxa4 Nxa4 28. Rd8 Nc5 29. Nd6 Bf6 30. Ra8 Nd7 31. f4 e4 32. f5 g5 33. Ne8 1-0

[Event "January 9 Early 2024"]
[Site "https://www.chess.com"]
[Date "2024.01.11"]
[Round "7"]
[White "Burmakin, Evgeniy"]
[Black "Gopal, K.N."]
[Result "0-1"]
[Board "148"]
[TimeControl "180+1"]
[WhiteFideId "4163729"]
[BlackFideId "5001447"]
[WhiteElo "2406"]
[BlackElo "2257"]
[WhiteTeam "RUS"]
[BlackTeam "IND"]
[WhiteClock "0:00:05"]
[BlackClock "0:00:16"]

1. e4 c5 2. Nc3 e6 3. Nf3 d5 4. d4 dxe4 5. Nxe4 c4 6. Bxc4 Nf6 7. Nxf6+ Qxf6 8. Bg5 Qf5 9. Qd2 Nc6 10. O-O h6 11. Be3 Be7 12. Bd3 Qh5 13. Rfe1 O-O 14. c3 Rd8 15. Qe2 Qa5 16. Bc2 e5 17. dxe5 Nxe5 18. Bd4 Nxf3+ 19. Qxf3 Bf8 20. Re5 Qc7 21. Rae1 Be6 22. Rxe6 fxe6 23. Qe4 Qc6 24. Qh7+ Kf7 25. Qg6+ Ke7 26. Bb3 Rd6 27. Bxg7 Re8 28. Bxf8+ Rxf8 29. Qg7+ Rf7 30. Qxh6 Qc5 31. Qh8 Qxf2+ 0-1

[Event "January 9 Early 2024"]
[Site "https://www.chess.com"]
[Date "2024.01.11"]
[Round "7"]
[White "Sielecki, Christof"]
[Black "Eilenberg, Jonas"]
[Result "0-1"]
[Board "149"]
[TimeControl "180+1"]
[WhiteFideId "4620437"]
[BlackFideId "16204271"]
[WhiteElo "2561"]
[BlackElo "2414"]
[WhiteTeam "GER"]
[BlackTeam "GER"]
[WhiteClock "0:00:01"]
[BlackClock "0:00:20"]

1. d4 d5 2. Nf3 e6 3. g3 Nf6 4. Bg2 b5 5. O-O Be7 6. a4 b4 7. c4 bxc3 8. Nxc3 O-O 9. Bf4 Nbd7 10. Nb5 Ne8 11. Rc1 c5 12. dxc5 Bxc5 13. Ne5 Qb6 14. Nd3 Be7 15. e4 dxe4 16. Bxe4 Bb7 17. Be3 Qa6 18. Bxb7 Qxb7 19. b4 a6 20. Nd4 Nef6 21. Nc6 Bd6 22. Na5 Qd5 23. Nc5 Nxc5 24. Bxc5 Bxc5 25. Rxc5 Qxd1 26. Rxd1 Rfb8 27. Nc6 Rb7 28. b5 axb5 29. axb5 Nd5 30. Kg2 g6 31. Rd2 Nc7 32. Rd7 Rxb5 33. Ne7+ Kf8 34. Rcxc7 Ra2 35. Nc6 Rf5 36. Kh3 Rfxf2 37. Kg4 Rf5 0-1

[Event "January 9 Early 2024"]
[Site "https://www.chess.com"]
[Date "2024.01.11"]
[Round "7"]
[White "Gutkin, Ilya"]
[Black "Smirnov, Mark"]
[Result "0-1"]
[Board "150"]
[TimeControl "180+1"]
[WhiteFideId "16203470"]
[BlackFideId "13764594"]
[WhiteElo "2341"]
[BlackElo "2531"]
[WhiteTeam "GER"]
[BlackTeam "KAZ"]
[WhiteClock "0:00:11"]
[BlackClock "0:00:17"]

1. Nf3 Nf6 2. g3 b5 3. Bg2 Bb7 4. Na3 a6 5. c4 e6 6. b3 Bxa3 7. Bxa3 d6 8. O-O Nbd7 9. Qc2 O-O 10. d4 Qe7 11. c5 Be4 12. Qc1 a5 13. cxd6 cxd6 14. Qf4 b4 15. Bb2 Rfc8 16. Rfc1 Nb6 17. Rxc8+ Rxc8 18. Rc1 Rxc1+ 19. Qxc1 Qd7 20. Bf1 Qc6 21. Qxc6 Bxc6 22. Nd2 Nfd5 23. Nc4 Nxc4 24. bxc4 Nc3 25. a3 Na4 26. axb4 axb4 27. Bc1 b3 28. f3 b2 29. Bxb2 Nxb2 30. e4 Bb7 31. c5 dxc5 32. dxc5 Na4 33. Kf2 Nxc5 34. Ke3 Ba6 35. Bg2 e5 36. f4 f6 37. g4 exf4+ 38. Kxf4 Nd3+ 39. Ke3 Ne5 40. h4 Nxg4+ 0-1

[Event "January 9 Early 2024"]
[Site "https://www.chess.com"]
[Date "2024.01.11"]
[Round "7"]
[White "So, Wesley"]
[Black "Demchenko, Anton"]
[Result "0-1"]
[Board "151"]
[TimeControl "180+1"]
[WhiteFideId "5202213"]
[BlackFideId "4160258"]
[WhiteElo "3047"]
[BlackElo "2942"]
[WhiteTeam "USA"]
[BlackTeam "SLO"]
[WhiteClock "0:00:27"]
[BlackClock "0:00:04"]

1. d4 Nf6 2. c4 d6 3. Nf3 Nc6 4. d5 Ne5 5. Nc3 e6 6. Nd4 Ng6 7. dxe6 fxe6 8. e4 Be7 9. Be2 O-O 10. O-O e5 11. Nc2 Nf4 12. Be3 Be6 13. Qd2 Qe8 14. Bxf4 exf4 15. Qxf4 Nh5 16. Qd2 Nf4 17. Ne3 Qg6 18. Kh1 Bg5 19. Bf3 Rf7 20. Qd1 Raf8 21. Bg4 Bxg4 22. Qxg4 Nd3 23. Nf5 h5 24. Qd1 Nc5 25. f3 h4 26. b4 Ne6 27. Qe1 Bf6 28. Nd5 Qh5 29. Nxf6+ Rxf6 30. Qxh4 Rxf5 31. Qf2 R5f6 32. Qxa7 Rh6 33. Qg1 Kf7 34. Rf2 Rfh8 35. g4 Qe5 36. Rd1 Nf4 37. c5 Nh3 0-1

[Event "January 9 Early 2024"]
[Site "https://www.chess.com"]
[Date "2024.01.11"]
[Round "7"]
[White "Haug, Havard"]
[Black "Salem, A.R. Saleh"]
[Result "0-1"]
[Board "152"]
[TimeControl "180+1"]
[WhiteFideId "1547887"]
[BlackFideId "9301348"]
[WhiteElo "2787"]
[BlackElo "2989"]
[WhiteTeam "NOR"]
[BlackTeam "UAE"]
[WhiteClock "0:00:02"]
[BlackClock "0:00:29"]

1. e4 c5 2. c3 d6 3. d4 Nf6 4. Bd3 g6 5. Nf3 Bg7 6. O-O O-O 7. h3 Nfd7 8. Re1 Nc6 9. Be3 Rb8 10. Qd2 b5 11. Na3 b4 12. Nc2 a5 13. Rad1 Qc7 14. Bh6 e5 15. Qg5 Qd8 16. Qc1 Qe7 17. h4 Nf6 18. Bg5 bxc3 19. bxc3 cxd4 20. cxd4 Bg4 21. dxe5 dxe5 22. Ne3 Bxf3 23. Qxc6 Bxd1 24. Nd5 Qe6 25. Bxf6 Bg4 26. Bxg7 Qxc6 27. Ne7+ Kxg7 28. Nxc6 Rb2 29. Nxa5 Rd8 30. Bf1 Be6 31. Nc4 Bxc4 32. Bxc4 Rdd2 33. Rf1 Rb4 34. Bd5 f5 35. Rc1 fxe4 36. Rc7+ Kf8 37. Bb3 e3 38. Rf7+ Ke8 0-1

[Event "January 9 Early 2024"]
[Site "https://www.chess.com"]
[Date "2024.01.11"]
[Round "7"]
[White "Sokolovsky, Yahli"]
[Black "Sanhueza, Cristian"]
[Result "1-0"]
[Board "153"]
[TimeControl "180+1"]
[WhiteFideId "2820242"]
[BlackFideId "116815"]
[WhiteElo "2778"]
[BlackElo "2623"]
[WhiteTeam "ISR"]
[BlackTeam "ARG"]
[WhiteClock "0:00:21"]
[BlackClock "0:00:04"]

1. b3 e5 2. Bb2 Nc6 3. e3 Nf6 4. Nf3 e4 5. Nd4 Bc5 6. Nxc6 dxc6 7. d4 exd3 8. Bxd3 O-O 9. Nd2 Re8 10. O-O a5 11. Qf3 a4 12. Qg3 Nh5 13. Qf3 Nf6 14. Bxf6 Qxf6 15. Qh5 Bb4 16. Qxh7+ Kf8 17. Ne4 Qh6 18. Qxh6 gxh6 19. a3 Be7 20. b4 Bf5 21. Nc5 Bxc5 22. bxc5 Be6 23. Rab1 Ra5 24. Rxb7 Rxc5 25. Rxc7 Rc3 26. Ra1 Rb8 27. f3 Bb3 28. cxb3 axb3 29. Be4 b2 30. Rb1 c5 31. Kf2 c4 32. Rd7 Rc1 33. Rd1 Rxd1 34. Rxd1 c3 35. Ke2 Ke7 36. Rb1 Rb3 37. Kd3 Rxa3 38. Kc2 Ra1 39. Kxc3 Ra2 40. Rxb2 1-0

[Event "January 9 Early 2024"]
[Site "https://www.chess.com"]
[Date "2024.01.11"]
[Round "7"]
[White "Radzhabov, Rodion"]
[Black "Kozak, Antoni"]
[Result "0-1"]
[Board "154"]
[TimeControl "180+1"]
[WhiteFideId "884715"]
[BlackFideId "21832030"]
[WhiteElo "2599"]
[BlackElo "2765"]
[WhiteTeam "RUS"]
[BlackTeam "POL"]
[WhiteClock "0:00:03"]
[BlackClock "0:00:36"]

1. e4 c6 2. Nc3 d5 3. Qe2 d4 4. Nd1 c5 5. g3 Nc6 6. d3 e5 7. f4 Bd6 8. Nf3 Nge7 9. Nf2 Qc7 10. f5 Bd7 11. Bg2 O-O-O 12. O-O Kb8 13. c4 f6 14. g4 g5 15. Bd2 h5 16. h3 Ka8 17. a3 Nc8 18. Rfb1 Be8 19. b4 Qe7 20. b5 Nb8 21. a4 Bf7 22. a5 Nd7 23. a6 b6 24. Kf1 Kb8 25. Ke1 Rh7 26. Kd1 Rdh8 27. Kc2 Bc7 28. Rh1 Nd6 29. Rag1 Qf8 30. Bc1 Qg8 31. Nd2 hxg4 32. hxg4 Rh2 33. Qf3 Nxc4 34. dxc4 Bxc4 35. Rxh2 Rxh2 36. Rh1 Rxh1 37. Bxh1 Bxb5 38. Qh3 Bxa6 39. Kd1 c4 40. Qh6 c3 41. Qg6 Qa2 42. Qe8+ Bc8 0-1

[Event "January 9 Early 2024"]
[Site "https://www.chess.com"]
[Date "2024.01.11"]
[Round "7"]
[White "Filali, Razzouki Marouane"]
[Black "Janaszak, Dawid"]
[Result "0-1"]
[Board "155"]
[TimeControl "180+1"]
[WhiteFideId "9003720"]
[BlackFideId "1119206"]
[WhiteElo "2435"]
[BlackElo "2620"]
[WhiteTeam "MAR"]
[BlackTeam "POL"]
[WhiteClock "0:00:24"]
[BlackClock "0:00:16"]

1. b3 c5 2. Bb2 Nc6 3. g3 e5 4. Bg2 d6 5. e3 h5 6. h4 Nf6 7. Ne2 Bg4 8. O-O Qd7 9. c3 Bh3 10. d4 Bxg2 11. Kxg2 O-O-O 12. Na3 d5 13. dxe5 Ng4 14. c4 d4 15. exd4 cxd4 16. Nb5 Bc5 17. b4 Nxb4 18. Bxd4 Qc6+ 19. Kg1 Nxe5 20. Bxe5 Rxd1 21. Rfxd1 Re8 22. Ned4 Qg6 23. Bf4 Nd3 24. Bd6 Bxd6 25. Nxd6+ Qxd6 26. Rxd3 Qg6 27. Rad1 Rd8 28. a4 b6 29. R3d2 Kb7 30. c5 bxc5 31. Nb5 Rxd2 32. Rxd2 a6 33. Nd6+ Kc6 34. Nc4 Qb1+ 35. Kh2 Qb4 36. Ne5+ Kc7 37. Rd7+ Kc8 38. Rxf7 Qe4 39. Nd7 c4 40. Rf4 Qxf4 41. Nb6+ Kb7 42. gxf4 Kxb6 43. Kg2 c3 44. Kf3 c2 45. Ke2 c1=Q 46. f5 Qf4 47. Kf1 Qxf5 48. Kg1 Qg4+ 0-1

[Event "January 9 Early 2024"]
[Site "https://www.chess.com"]
[Date "2024.01.11"]
[Round "7"]
[White "Rodriguez Santiago, Jaime"]
[Black "Gurevich, Dmitry"]
[Result "0-1"]
[Board "156"]
[TimeControl "180+1"]
[WhiteFideId "3100898"]
[BlackFideId "2000407"]
[WhiteElo "2294"]
[BlackElo "2531"]
[WhiteTeam "PUR"]
[BlackTeam "USA"]
[WhiteClock "0:00:05"]
[BlackClock "0:00:07"]

1. d4 Nf6 2. c4 a6 3. Nc3 c5 4. d5 b5 5. cxb5 axb5 6. Nxb5 Qa5+ 7. Nc3 Bb7 8. Bd2 Qb6 9. e4 e6 10. Bc4 Nxe4 11. dxe6 fxe6 12. Nxe4 Bxe4 13. f3 Bb7 14. Qc2 d5 15. Be2 c4 16. Nh3 Nc6 17. Ng5 Nd4 18. Qb1 Nxe2 19. Kxe2 Bc5 20. Nxh7 O-O-O 21. a4 Ba6 22. Kd1 d4 23. Qe4 Bb7 24. Qg6 c3 25. Bf4 cxb2 26. Rb1 Qb3+ 27. Ke2 Ba6+ 28. Kf2 Bd3 29. Qg5 Rd5 30. Qxg7 Rxh7 31. Qg8+ Rd8 32. Qg4 Bf5 33. Qg5 Qc2+ 34. Kg3 Rhh8 35. Qf6 Rdg8+ 36. Bg5 Bd6+ 37. f4 Qd3+ 38. Kf2 Qe3+ 39. Kf1 Bd3# 0-1

[Event "January 9 Early 2024"]
[Site "https://www.chess.com"]
[Date "2024.01.11"]
[Round "7"]
[White "Pourkashiyan, Atousa"]
[Black "Rosen, Eric"]
[Result "1/2-1/2"]
[Board "157"]
[TimeControl "180+1"]
[WhiteFideId "12502014"]
[BlackFideId "2032562"]
[WhiteElo "2497"]
[BlackElo "2664"]
[WhiteTeam "USA"]
[BlackTeam "USA"]
[WhiteClock "0:00:14"]
[BlackClock "0:00:03"]

1. e4 e5 2. Nf3 Nf6 3. Nxe5 Nc6 4. Nf3 Nxe4 5. Nc3 d5 6. Bb5 Bg4 7. h3 Bh5 8. O-O Be7 9. Re1 O-O 10. Bxc6 Nxc3 11. dxc3 bxc6 12. Bf4 Bd6 13. Bxd6 cxd6 14. Qd3 Bg6 15. Qd2 Qb6 16. b3 a5 17. Nh4 a4 18. Nxg6 hxg6 19. Re7 Ra7 20. Rae1 Rxe7 21. Rxe7 Qc5 22. bxa4 Qa3 23. Rd7 Qxa2 24. Qg5 Qxa4 25. Rd8 Rxd8 26. Qxd8+ Kh7 27. Qxd6 Qxc2 28. Qxc6 d4 29. c4 d3 30. Qe4 Qc1+ 31. Kh2 Qd2 32. f3 f5 33. Qd4 g5 34. c5 Qf4+ 35. Qxf4 gxf4 36. c6 d2 37. c7 d1=Q 38. c8=Q Qd5 39. Qf8 Qe5 40. Qf7 Kh6 41. Qf8 Kh7 42. Qf7 Kh8 43. Qf8+ Kh7 1/2-1/2

[Event "January 9 Early 2024"]
[Site "https://www.chess.com"]
[Date "2024.01.11"]
[Round "7"]
[White "Akobian, Varuzhan"]
[Black "Kovalev, Vladislav"]
[Result "1-0"]
[Board "158"]
[TimeControl "180+1"]
[WhiteFideId "13300580"]
[BlackFideId "13504398"]
[WhiteElo "2728"]
[BlackElo "2900"]
[WhiteTeam "USA"]
[BlackTeam "FID"]
[WhiteClock "0:00:09"]
[BlackClock "0:00:01"]

1. d4 Nf6 2. c4 e6 3. Nf3 b6 4. a3 Bb7 5. Nc3 d5 6. Bg5 Be7 7. Qa4+ Nbd7 8. Ne5 O-O 9. Nc6 Qe8 10. Nxe7+ Qxe7 11. cxd5 exd5 12. e3 h6 13. Bh4 c5 14. Be2 a6 15. dxc5 Nxc5 16. Qb4 d4 17. Qxd4 g5 18. Bg3 Nb3 19. Qxb6 Nxa1 20. O-O Nc2 21. Rc1 Be4 22. Nxe4 Nxe4 23. Rxc2 Rac8 24. Rc4 Rfd8 25. Qxa6 Rxc4 26. Qxc4 Rd2 27. Bf3 Nxg3 28. hxg3 Rxb2 29. a4 Rb1+ 30. Kh2 Ra1 31. Bd5 Qf6 32. f4 Kg7 33. Qc2 Ra3 34. Bb3 gxf4 35. exf4 h5 36. Qc4 h4 37. g4 Ra1 38. g5 1-0

[Event "January 9 Early 2024"]
[Site "https://www.chess.com"]
[Date "2024.01.11"]
[Round "7"]
[White "Feliz Dotel, Dewar Bienvenido"]
[Black "Zhukov, Maksim"]
[Result "1-0"]
[Board "159"]
[TimeControl "180+1"]
[WhiteFideId "6402801"]
[BlackFideId "34181790"]
[WhiteElo "2159"]
[BlackElo "2315"]
[WhiteTeam "DOM"]
[BlackTeam "RUS"]
[WhiteClock "0:00:11"]
[BlackClock "0:00:01"]

1. Nf3 Nf6 2. c4 e6 3. g3 a6 4. Bg2 b5 5. cxb5 axb5 6. Nd4 d5 7. Nxb5 c6 8. N5c3 h5 9. h4 c5 10. d4 cxd4 11. Qxd4 Nc6 12. Qd1 Ba6 13. O-O Bc5 14. a3 Qb6 15. Na4 Bxf2+ 16. Rxf2 Qa7 17. b4 Ng4 18. Nc5 Nxf2 19. Kxf2 Bxe2 20. Qxe2 Nxb4 21. Be3 Qc7 22. axb4 Rxa1 23. Qb2 Ra8 24. Qxg7 Rf8 25. Nd2 Ra2 26. Kg1 d4 27. Bf4 e5 28. Bxe5 Qc8 29. Bd6 Ra1+ 30. Kh2 Qe6 31. Qxf8# 1-0

[Event "January 9 Early 2024"]
[Site "https://www.chess.com"]
[Date "2024.01.11"]
[Round "7"]
[White "Zhigalko, Sergei"]
[Black "Ranaldi, Lucas"]
[Result "1/2-1/2"]
[Board "160"]
[TimeControl "180+1"]
[WhiteFideId "13502956"]
[BlackFideId "1519484"]
[WhiteElo "2913"]
[BlackElo "2711"]
[WhiteTeam "BLR"]
[BlackTeam "NOR"]
[WhiteClock "0:00:09"]
[BlackClock "0:00:12"]

1. e4 c6 2. d4 d5 3. e5 Bf5 4. Nf3 e6 5. Be2 c5 6. Be3 cxd4 7. Nxd4 Ne7 8. Nd2 Nbc6 9. N2f3 Be4 10. O-O Bxf3 11. Nxf3 Ng6 12. c4 d4 13. Nxd4 Ngxe5 14. Nxc6 Nxc6 15. Bf3 Qc7 16. Be4 Bd6 17. Qh5 g6 18. Qh6 Bf8 19. Qh4 Be7 20. Bxc6+ Qxc6 21. Qd4 O-O 22. Bh6 e5 23. Qxe5 Bf6 24. Qf4 Bxb2 25. Bxf8 Bxa1 26. Rxa1 Rxf8 27. h4 Rc8 28. Rd1 Qc7 29. Qe4 h5 30. Rd5 Qxc4 31. Rd8+ Kh7 32. Qxc4 Rxc4 33. Rd7 Kg7 34. Rxb7 Ra4 35. g3 Rxa2 36. Kg2 a5 37. Ra7 a4 38. Kf3 a3 39. Ke3 Ra1 40. Kf4 Kf6 41. Ra6+ Kg7 42. Ra7 Kf6 43. Ra6+ Kg7 44. Ra7 1/2-1/2

[Event "January 9 Early 2024"]
[Site "https://www.chess.com"]
[Date "2024.01.11"]
[Round "7"]
[White "Huschenbeth, Niclas"]
[Black "Skurikhin, Dmitrij"]
[Result "1/2-1/2"]
[Board "161"]
[TimeControl "180+1"]
[WhiteFideId "24604747"]
[BlackFideId "4161297"]
[WhiteElo "2465"]
[BlackElo "2205"]
[WhiteTeam "GER"]
[BlackTeam "RUS"]
[WhiteClock "0:00:02"]
[BlackClock "0:00:14"]

1. e4 c6 2. d4 d5 3. Nc3 dxe4 4. Nxe4 Bf5 5. Ng3 Bg6 6. h4 h6 7. Nf3 Nd7 8. Bd3 Bxd3 9. Qxd3 Ngf6 10. Bd2 e6 11. O-O-O Qc7 12. Ne4 O-O-O 13. Kb1 Kb8 14. c4 Ka8 15. Bc3 Nxe4 16. Qxe4 Nf6 17. Qe2 Qf4 18. Rhe1 Bd6 19. a3 Bc7 20. Ka2 Rd7 21. Ne5 Bxe5 22. dxe5 Rxd1 23. Rxd1 Ne4 24. Be1 Qxe5 25. Qe3 f6 26. Rd7 Rg8 27. f4 Qf5 28. g4 Qh7 29. Qd4 b6 30. Re7 Nc5 31. Qd6 Qe4 32. Qc7 Qxc4+ 33. Kb1 Qe4+ 34. Ka2 Qc4+ 35. Kb1 Qe4+ 36. Ka2 Qd5+ 37. Kb1 Qd1+ 38. Ka2 Qb3+ 39. Kb1 Qd3+ 40. Ka2 Qc4+ 1/2-1/2